 Dungeon Sprint DCSS version 0.31-a0-859-g9dce7d3444 (webtiles) character file.

Game seed: 7725989703886917764

291 sircluck the Grappler (level 6, 0/68 HPs)
             Began as a Troll Berserker on Oct 9, 2023.
             Was a Believer of Trog.
             Slain by a centaur warrior (1 damage)
             ... in the Dungeon (Sprint I: "Red Sonja").
             The game lasted 00:00:33 (105 turns).

sircluck the Grappler (Troll Berserker)              Turns: 105, Time: 00:00:33

Health: 0/68       AC:  4    Str: 28    XL:     6   Next: 10%
Magic:  5/5        EV: 11    Int:  3    God:    Trog [**....]
Gold:   175        SH:  0    Dex:  9    Spells: 5/5 levels left

rFire   . .          .
                       - Unarmed
rCold   . . .        (no shield)
rNeg    . . .        a - +0 animal skin
rPois   .            (helmet restricted)
rElec   .            (no cloak)
rCorr   .            (gloves unavailable)
SInv    .            (boots unavailable)
Will    .....        (no amulet)
Stlth   +            (no ring)
HPRegen 1.11/turn    (no ring)
MPRegen 0.09/turn

%: no teleportation
@: on berserk cooldown, hasted and slowed
A: large, unfitting armour, claws 3, regeneration 1, shaggy fur 1, tough skin 1
a: Renounce Religion, Berserk, Trog's Hand


You were in the Dungeon.
You worshipped Trog.
Trog was pleased with you.
You visited 1 branch You collected 175 gold pieces.

Inventory:

Armour
 a - a +0 animal skin (worn)
Wands
 h - a wand of paralysis (6)
Scrolls
 g - a scroll of blinking
Potions
 b - a potion of curing
 c - a potion of heal wounds
 e - 2 potions of magic
 f - a potion of berserk rage


   Skills:
 + Level 6.7 Fighting
 + Level 6.6 Dodging
 + Level 8.0 Unarmed Combat


You had 5 spell levels left.
You didn't know any spells.
Your spell library was empty.

Dungeon Overview and Level Annotations

Branches:
Dungeon (1/1)

Altars:
Sif Muna
Vehumet
Wu Jian


Innate Abilities, Weirdness & Mutations

You are too large for most types of armour.
You have claws for hands.
Your natural rate of healing is unusually fast.
You are covered in fur. (AC +1)
You have tough skin. (AC +1)


Message History

The centaur warrior shoots an arrow.
The arrow hits you!
The centaur warrior shoots an arrow.
The arrow barely misses you.
You feel your anger nearly subside.
You are no longer berserk.
You are exhausted.
You feel yourself slow down.
The centaur warrior unwields a +0 shortbow.
The centaur warrior hits you but does no damage.
The centaur warrior kicks you.
The centaur warrior unwields a +0 shortbow.
The centaur warrior barely misses you. The centaur warrior kicks you.
Unknown command.
Unknown command.
You scratch the centaur warrior.
The centaur warrior is lightly wounded.
The centaur warrior hits you!
The centaur warrior kicks you but does no damage.
The centaur warrior hits you. The centaur warrior kicks you.
You barely miss the centaur warrior. The centaur warrior hits you.
The centaur warrior kicks you. The centaur warrior hits you!
The centaur warrior kicks you but does no damage.
You barely miss the centaur warrior. You claw the centaur warrior!!
The centaur warrior is moderately wounded.
The centaur warrior hits you!
* * * LOW HITPOINT WARNING * * *
The centaur warrior kicks you.
* * * LOW HITPOINT WARNING * * *
The centaur warrior hits you!
* * * LOW HITPOINT WARNING * * *
The centaur warrior kicks you.
* * * LOW HITPOINT WARNING * * *
The centaur warrior closely misses you. The centaur warrior barely misses you.
Unknown command.
Unknown command.
Unknown command.
You mangle the centaur warrior!!
The centaur warrior is severely wounded.
The centaur warrior hits you.
* * * LOW HITPOINT WARNING * * *
The centaur warrior kicks you.
You die...

#############
#..)..#..'..#
').#..').#..+
#####'#####'#
#### # #..#
#)####§?# #
####
##.#~§§§c# #
#_.'§§§@.+ #
+..._#§§§§c#
#
#_.#+##+####
##+


You could see 2 centaur warriors.

Vanquished Creatures
  Sigmund (D)
  An ogre (D)
  A jelly (D)
  Ijyb (D)
4 creatures vanquished.

Notes
Turn   | Place    | Note
-------+----------+-------------------------------------------
     0 | D        | sircluck the Troll Berserker began the quest for the Orb.
     0 | D        | Reached XP level 1. HP: 22/22 MP: 0/0
     1 | D        | Noticed Ijyb
     5 | D        | Killed Ijyb
     6 | D        | Reached skill level 4 in Unarmed Combat
     6 | D        | Reached XP level 2. HP: 32/32 MP: 1/1
     9 | D        | Noticed an ogre
    16 | D        | Killed an ogre
    17 | D        | Reached skill level 5 in Fighting
    17 | D        | Reached skill level 5 in Dodging
    17 | D        | Reached skill level 6 in Unarmed Combat
    17 | D        | Reached XP level 3. HP: 9/42 MP: 2/2
    17 | D        | Reached XP level 4. HP: 10/50 MP: 3/3
    65 | D        | Noticed Sigmund
    69 | D        | Killed Sigmund
    69 | D        | Reached ** piety under Trog
    70 | D        | Reached skill level 7 in Unarmed Combat
    70 | D        | Reached XP level 5. HP: 61/61 MP: 4/4
    83 | D        | Found an ornate altar of the Wu Jian Council.
    83 | D        | Found a shimmering blue altar of Sif Muna.
    85 | D        | Found a radiant altar of Vehumet.
    89 | D        | Reached skill level 8 in Unarmed Combat
    89 | D        | Reached XP level 6. HP: 64/68 MP: 5/5
    94 | D        | Noticed a centaur warrior
    94 | D        | Noticed a centaur warrior
   104 | D        | HP: 2/68 [centaur warrior (4)]
   105 | D        | Slain by a centaur warrior

Illustrated notes

Levels and vault maps discovered:
D:        dungeon_sprint_1 [red_sonja_temple_1, red_sonja_temple_small_1]

Skill      XL: |  1  2  3  4  5 |
---------------+----------------+-----
Fighting       | 3 5 6 |  6.7
Dodging        | 3 5 6 |  6.6
Unarmed Combat | 4 6 7 8 |  8.0

Action                     |  1- 3 |  4- 6 || total
---------------------------+-------+-------++-------
  Melee: Unarmed           |     9 |     9 ||    18
         Punch             |       |     1 ||     1
 Invoke: Berserk           |       |     1 ||     1
    Use: Potion            |       |     1 ||     1
 Armour: Animal skin       |     2 |    18 ||    20
  Dodge: Dodged            |     3 |     8 ||    11

Table legend: (Time is in decaauts)
 A = Elapsed time spent in this place.
 B = Non-inter-level travel time spent in this place.
 C = Inter-level travel time spent in this place.
 D = Time resting spent in this place.
 E = Time spent auto-exploring this place.
 F = Levels seen in this place.
 G = Mean time per level.
                   A        B        C        D        E       F      G
               +--------+--------+--------+--------+--------+-----+--------+
         Total |    101 |    101 |      0 |      0 |     70 |   1 |  101.0 |
       Dungeon |    101 |    101 |      0 |      0 |     70 |   1 |  101.0 |
               +--------+--------+--------+--------+--------+-----+--------+

Top non-repeatable levels by time:
       D: 101 daAuts
